 Dungeon Sprint DCSS version 0.16-a0-4053-g5391420 (webtiles) character file.

41615 BluebellGnoll the Hoplite (level 13, -14/143 HPs)
             Began as a Minotaur Gladiator on Feb 20, 2015.
             Was the Champion of Qazlal.
             Demolished by Noap the pandemonium lord (23 damage)
             ... in the Dungeon (Sprint V: "Ziggurat Sprint").
             The game lasted 00:33:22 (1868 turns).

BluebellGnoll the Hoplite (Minotaur Gladiator)      Turns: 1868, Time: 00:33:22

Health: -14/143    AC: 30    Str: 32    XL:     13   Next: 81%
Magic:  27/27      EV:  3    Int:  9    God:    Qazlal [******]
Gold:   0          SH: 44    Dex: 16    Spells: 0 memorised, 12 levels left

rFire  + . .     SeeInvis .     X - +2 war axe (vamp)
rCold  + . .     Clarity  .     u - +5 gold dragon armour
rNeg   + . .     SustAb   .     r - +18 shield of the gong {rElec rN+ MR+ EV-5}
rPois  +         Gourm    .     c - +0 hat
rElec  +         Spirit   .     (no cloak)
rCorr  .         Warding  .     R - +2 pair of gloves of the Loofah {Int+4}
rMut   .         NoTele   +     (no boots)
MR     +....                    (no amulet)
Stlth  ..........               t - +6 ring of strength
                                p - +6 ring of dexterity

@: protected from physical damage, hasted and slowed, repel missiles, somewhat
resistant to hostile enchantments, extremely unstealthy
A: retaliatory headbutt, horns 2
a: Upheaval, Elemental Force, Disaster Area, Renounce Religion


You were in the Dungeon.
You worshipped Qazlal.
Qazlal was exalted by your worship.
You were not hungry.

You visited 1 branch

Inventory:

Hand weapons
 q - the +14 obsidian axe {chop, +Fly Str+3 SInv Curse}
   (You found it in the Dungeon)

   It inflicts extra damage upon your enemies.
   It affects your strength (+3).
   It enhances your eyesight.
   It lets you fly.
   It may recurse itself when equipped.
 s - a +8 broad axe of flaming
 X - a +2 vampiric war axe (weapon)
Missiles
 d - 3 throwing nets (quivered)
Armour
 c - a +0 hat (worn)
 r - the +18 shield of the gong (worn) {rElec rN+ MR+ EV-5}
   (You found it in the Dungeon)

   It affects your evasion (-5).
   It insulates you from electricity.
   It protects you from negative energy.
   It affects your resistance to hostile enchantments.
 u - a +5 gold dragon armour (worn)
 R - the +2 pair of gloves of the Loofah (worn) {Int+4}
   (You found it in the Dungeon)

   It affects your intelligence (+4).
Rods
 y - a +4 iron rod (11/11)
   (You found it in the Dungeon)
 N - a +8 iron rod (9/9)
   (You found it in the Dungeon)
Jewellery
 a - the ring "Phiosi" {+Fly rF+ AC+2 Dex+2}
   (You found it in the Dungeon)

   [ring of protection]

   It affects your AC (+2).
   It affects your dexterity (+2).
   It protects you from fire.
   It lets you fly.
 p - a +6 ring of dexterity (left hand)
 t - a +6 ring of strength (right hand)
 M - an uncursed ring of sustain abilities
 O - an uncursed ring of positive energy
 P - an uncursed amulet of warding
 S - the amulet of the Demon Prince {rCorr +Inv MP-9 Str+2 Stlth+}
   (You found it in the Dungeon)

   [amulet of resist corrosion]

   It protects you from acid and corrosion.
   It affects your strength (+2).
   It affects your magic capacity (-9).
   It lets you turn invisible.
   It makes you more stealthy.
 V - an uncursed ring of protection from cold
Magical devices
 l - a wand of disintegration (7)
 m - a wand of fire (5)
 n - a wand of cold (5)
 o - a wand of draining (5)
Scrolls
 k - 4 scrolls of blinking
 F - 3 scrolls of recharging
 G - 7 scrolls of fog
 H - 2 scrolls of holy word
 I - 5 scrolls of identify
 J - 4 scrolls of remove curse
 K - 2 scrolls of fear
 Z - a scroll of brand weapon
Potions
 e - 10 potions of curing
 g - 6 potions of heal wounds
 h - 7 potions of haste
 i - 7 potions of magic
 j - 3 potions of berserk rage
 w - 2 potions of invisibility
 x - 2 potions of restore abilities
 z - 4 potions of resistance
 B - 6 potions of agility
 C - 6 potions of might
Miscellaneous
 v - a legendary deck of summoning
 A - a phial of floods
 L - a sack of spiders
 Q - a plain deck of war
 T - a stone of tremors
 U - a lamp of fire
 W - a plain deck of defence
Comestibles
 f - 4 bread rations
 D - 42 fruits
 E - 4 meat rations


   Skills:
 - Level 21.3 Fighting
 - Level 18.0 Axes
 - Level 2.0 Throwing
 + Level 12.3 Armour
 - Level 3.2 Dodging
 - Level 21.7 Shields
 - Level 14.0 Invocations
 - Level 12.7 Evocations


You had 12 spell levels left.
You didn't know any spells.

Dungeon Overview and Level Annotations

Branches:
Dungeon (1/1)

Altars:
Ashenzari
Cheibriados
Dithmenos
Elyvilon
Fedhas
Gozag
Kikubaaqudgha
Makhleb
Nemelex Xobeh
Okawaru
Qazlal
Ru
Sif Muna
Trog
Vehumet
Xom
Yredelemnul
Zin
The Shining One
Beogh
Jiyva
Lugonu


Innate Abilities, Weirdness & Mutations

You reflexively headbutt those who attack you in melee.
You have a pair of horns on your head.


Message History

GONNNNG!
Pryud sneers, "Turn tail, thou obnoxious nut-hook pot-faker!"
Noap hits you but does no damage.
Haubal calls on the powers of darkness!
The iron dragon convulses! x2
The four-headed hydra convulses! x2
The ice dragon convulses!
Your body is wracked with pain!
* * * LOW HITPOINT WARNING * * *
The infernal demonspawn convulses!
The golden dragon convulses!
Fodeqor calls on the powers of darkness!
The iron dragon convulses!
The four-headed hydra convulses!
The four-headed hydra convulses!
The ice dragon convulses!
Your body is wracked with pain!
* * * LOW HITPOINT WARNING * * *
You block Gahyr's attack.
GONNNNG!
Konidar hits you but does no damage.
Viutach casts a spell.
Viutach begins to radiate toxic energy.
Noap hits you!!
You die...

▓.§ ▓. ▓..§.§ ▓.
▓D.4.§§ ▓.
▓26&21s. ▓.
▓&D&2&&2.. ▓†
▓D{&&3D3..... ▓.
▓&&D&D&1...... ▓.
▓&&W444....... ▓.
▓@&3▓.......▓ ▓.
▓§.▓▓▓.....▓▓ .▓▓
▓W*.▓.......▓...▓.
▓...............▓.
▓...............▓.
▓▓▓▓▓▓▓▓▓▓▓▓▓▓▓▓▓.
▓) ▓) ▓.


You could see Estreat, Feon, Fodeqor, Gahyr, Haubal, Konidar, Nexur, Noap,
Pryud, Qipn, Strokhe, Vaeva Blewe, Viutach, Woufes, 2 iron dragons, a golden
dragon, a Brimstone Fiend, an Ice Fiend, a cacodemon, an ice dragon, a hell
beast, 2 four-headed hydras, a green death, a blizzard demon, a soul eater, a
demonic crawler, a sun demon, an infernal demonspawn, an orange demon, 2
phantasmal warriors, a hellwing, a smoke demon, a red devil and a fulminant
prism (unaware).

Vanquished Creatures
  A pandemonium lord (D)
  A frost giant (D)
  An emperor scorpion (D)
  A reaper (D)
  A stone giant (D)
  A fire dragon (D)
  2 vault guards (D)
  An ice dragon (D)
  2 hydras (D)
  4 naga warriors (D)
  2 anacondas (D)
  2 thrashing horrors (D)
  A hell hog (D)
  2 soul eaters (D)
  A skeletal warrior (D)
  2 sun demons (D)
  3 death drakes (D)
  4 swamp dragons (D)
  3 wolf spiders (D)
  4 hornets (D)
  An orc sorcerer (D)
  An orc knight (D)
  A sixfirhy (D)
  An elephant (D)
  A moth of wrath (D)
  3 water elementals (D)
  2 guardian serpents (D)
  3 black mambas (D)
  2 rust devils (D)
  A spiny frog (D)
  2 naga magi (D)
  A yaktaur (D)
  3 komodo dragons (D)
  4 demonic crawlers (D)
  A hellwing (D)
  3 fire drakes (D)
  2 red devils (D)
  A jumping spider (D)
  A boulder beetle (D)
  A blink frog (D)
  4 slime creatures (D)
  4 fire elementals (D)
  2 yaks (D)
  3 redbacks (D)
  A trapdoor spider (D)
  A tarantella (D)
  2 neqoxecs (D)
  A hippogriff (D)
  3 steam dragons (D)
  4 nagas (D)
  A porcupine (D)
  2 mottled dragons (D)
  A hell hound (D)
  3 water moccasins (D)
  An eye of draining (D)
  4 spiders (D)
  A swamp drake (D)
  2 wasps (D)
  A boring beetle (D)
  3 crocodiles (D)
  A giant frog (D)
  2 scorpions (D)
  2 quasits (D)
  3 jellies (D)
  An iguana (D)
  2 hounds (D)
  An iron imp (D)
  2 orc wizards (D)
  A sheep (D)
  4 mummies (D)
  2 river rats (D)
  An adder (D)
  A giant mite (D)
  2 shadow imps (D)
  A giant eyeball (D)
  An adder zombie (D)
  2 adder skeletons (D)
  An ooze (D)
  5 orcs (D)
  2 bat skeletons (D)
  A jackal (D)
  A quokka (D)
  4 ball pythons (D)
  A ball python skeleton (D)
  3 giant gecko zombies (D)
165 creatures vanquished.

Vanquished Creatures (collateral kills)
  A vault guard (D)
  An anaconda (D)
  An ogre mage (D)
  2 orc high priests (D)
  3 soul eaters (D)
  An ice devil (D)
  A swamp dragon (D)
  A wolf spider (D)
  An orc sorcerer (D)
  A cyclops (D)
  A hornet (D)
  A demonic crawler (D)
  A mottled dragon (D)
  A water moccasin (D)
  A swamp drake (D)
  An ogre (D)
  An orc warrior (D)
  A crocodile (D)
  An iron imp (D)
  A mummy (D)
  2 adders (D)
  An ufetubus (D)
  A spectral adder (D)
  An adder skeleton (D)
  2 adder zombies (D)
  3 orcs (D)
  A bat zombie (D)
  A ball python skeleton (D)
  A quokka skeleton (D)
36 creatures vanquished.

Vanquished Creatures (others)
  A stone giant (D)
  2 fulminant prisms (D)
  2 sun demons (D)
  An ice devil (D)
  A hornet (D)
  A black mamba (D)
  9 water elementals (D)
  A fire drake (D)
  A freezing wraith (D)
  3 air elementals (D)
  A wyvern (D)
  11 fire elementals (D)
  A ynoxinul (D)
  A neqoxec (D)
  A hungry ghost (D)
  A boggart (D)
38 creatures vanquished.

Grand Total: 239 creatures vanquished

Notes
Turn   | Place    | Note
--------------------------------------------------------------
     0 | D        | BluebellGnoll, the Minotaur Gladiator, began the quest for the Orb.
     0 | D        | Reached XP level 1. HP: 18/18 MP: 1/1
     0 | D        | Found a viscous altar of Jiyva.
     0 | D        | Found a corrupted altar of Lugonu.
     0 | D        | Found a white marble altar of Elyvilon.
     2 | D        | Found a sparkling altar of Nemelex Xobeh.
     2 | D        | Found a burning altar of Makhleb.
     2 | D        | Found a deep blue altar of Sif Muna.
     3 | D        | Found a bloodstained altar of Trog.
     6 | D        | Found an iron altar of Okawaru.
    17 | D        | Found a radiant altar of Vehumet.
    28 | D        | Found a basalt altar of Yredelemnul.
    28 | D        | Found a shimmering altar of Xom.
    59 | D        | Reached skill level 8 in Armour
    59 | D        | Reached XP level 2. HP: 25/25 MP: 1/1
    74 | D        | Became a worshipper of Qazlal Stormbringer
    84 | D        | Entered arena 1.
    84 | D        | Noticed a porcupine
    84 | D        | Noticed an iguana
    87 | D        | Killed an iguana
    87 | D        | Reached skill level 5 in Fighting
    87 | D        | Reached XP level 3. HP: 31/36 MP: 2/2
    90 | D        | Killed a porcupine
    90 | D        | Reached skill level 10 in Fighting
    90 | D        | Reached XP level 4. HP: 35/53 MP: 2/2
    90 | D        | Reached XP level 5. HP: 38/59 MP: 2/2
    96 | D        | Entered arena 2.
    96 | D        | Noticed a fire elemental
    96 | D        | Noticed a hell hound
    96 | D        | Noticed a hell hog
    99 | D        | Killed a hell hound
    99 | D        | Acquired Qazlal's first power
    99 | D        | Reached skill level 11 in Fighting
    99 | D        | Reached skill level 5 in Shields
   100 | D        | Killed a hell hog
   100 | D        | Reached skill level 14 in Fighting
   100 | D        | Reached skill level 10 in Shields
   100 | D        | Reached XP level 6. HP: 28/74 MP: 3/3
   100 | D        | Reached XP level 7. HP: 30/81 MP: 3/3
   105 | D        | Killed a fire elemental
   105 | D        | Reached XP level 8. HP: 27/90 MP: 3/3
   356 | D        | Entered arena 3.
   356 | D        | Noticed a jelly
   356 | D        | Noticed a jelly
   356 | D        | Noticed a slime creature
   356 | D        | Noticed a jelly
   359 | D        | Killed a jelly
   359 | D        | Killed a jelly
   359 | D        | Acquired Qazlal's second power
   361 | D        | Killed a slime creature
   361 | D        | Reached skill level 15 in Fighting
   361 | D        | Killed a jelly
   366 | D        | Entered arena 4.
   371 | D        | Acquired Qazlal's third power
   373 | D        | Reached skill level 1 in Evocations
   382 | D        | Entered arena 5.
   382 | D        | Noticed a slime creature
   382 | D        | Noticed a slime creature
   382 | D        | Noticed a slime creature
   385 | D        | Killed a slime creature
   386 | D        | Acquired Qazlal's fourth power
   388 | D        | Killed a slime creature
   389 | D        | Killed a slime creature
   431 | D        | Entered arena 6.
   431 | D        | Noticed an orc wizard
   431 | D        | Noticed an orc wizard
   435 | D        | Killed an orc wizard
   436 | D        | Acquired Qazlal's fifth power
   438 | D        | Killed an orc wizard
   438 | D        | Reached skill level 1 in Invocations
   438 | D        | Reached skill level 5 in Evocations
   455 | D        | Entered arena 7.
   455 | D        | Noticed a komodo dragon
   455 | D        | Noticed a spiny frog
   455 | D        | Noticed a hound
   455 | D        | Noticed a giant frog
   458 | D        | Killed a hound
   458 | D        | Killed a giant frog
   458 | D        | Reached XP level 9. HP: 97/97 MP: 10/12
   460 | D        | Killed a spiny frog
   462 | D        | Killed a komodo dragon
   462 | D        | Reached skill level 5 in Invocations
   473 | D        | Entered arena 8.
   473 | D        | Noticed a wolf spider
   473 | D        | Noticed a tarantella
   473 | D        | Noticed a scorpion
   473 | D        | Noticed a scorpion
   473 | D        | Noticed a redback
   473 | D        | Noticed a redback
   477 | D        | Killed a redback
   477 | D        | Killed a redback
   478 | D        | Killed a wolf spider
   480 | D        | Killed a scorpion
   480 | D        | Killed a tarantella
   481 | D        | Killed a scorpion
   492 | D        | Entered arena 9.
   492 | D        | Noticed a quasit
   492 | D        | Noticed a quasit
   492 | D        | Noticed an iron imp
   492 | D        | Noticed a thrashing horror
   492 | D        | Noticed a thrashing horror
   497 | D        | Killed a quasit
   499 | D        | Killed a thrashing horror
   499 | D        | Reached XP level 10. HP: 94/107 MP: 6/18
   499 | D        | Killed a quasit
   500 | D        | Killed a thrashing horror
   500 | D        | Reached skill level 16 in Fighting
   503 | D        | Killed an iron imp
   510 | D        | Got the +2 pair of gloves of the Loofah {Int+4}
   546 | D        | Entered arena 10.
   546 | D        | Noticed a frost giant
   546 | D        | Noticed a yaktaur
   546 | D        | Noticed a boulder beetle
   546 | D        | Noticed a boggart
   546 | D        | Noticed a hornet
   546 | D        | Noticed an ogre mage
   546 | D        | Noticed a vault guard
   546 | D        | Noticed a vault guard
   546 | D        | Noticed a vault guard
   550 | D        | Killed a vault guard
   550 | D        | Killed a boggart
   551 | D        | Killed a hornet
   553 | D        | Killed a vault guard
   553 | D        | Reached skill level 17 in Fighting
   555 | D        | Killed a boulder beetle
   557 | D        | Killed a frost giant
   557 | D        | Reached skill level 18 in Fighting
   557 | D        | Reached XP level 11. HP: 33/119 MP: 8/20
   559 | D        | Killed a vault guard
   559 | D        | Killed a yaktaur
   561 | D        | Killed an ogre mage
   561 | D        | Reached skill level 19 in Fighting
   575 | D        | Got the amulet of the Demon Prince {rCorr +Inv MP-9 Str+2 Stlth+}
   856 | D        | Entered arena 11.
   856 | D        | Noticed a water moccasin
   856 | D        | Noticed an anaconda
   856 | D        | Noticed a black mamba
   856 | D        | Noticed a naga warrior
   856 | D        | Noticed a naga warrior
   856 | D        | Noticed an anaconda
   857 | D        | Noticed a black mamba
   858 | D        | Noticed a naga
   860 | D        | Killed an anaconda
   860 | D        | Reached skill level 15 in Axes
   865 | D        | Killed an anaconda
   865 | D        | Killed a black mamba
   867 | D        | Killed a water moccasin
   868 | D        | Killed a black mamba
   872 | D        | Killed a naga warrior
   872 | D        | Reached skill level 20 in Fighting
   876 | D        | Killed a naga warrior
   877 | D        | Killed a naga
   991 | D        | Entered arena 12.
   991 | D        | Noticed a spider
   991 | D        | Noticed a moth of wrath
   991 | D        | Noticed a wolf spider
   991 | D        | Noticed a redback
   991 | D        | Noticed a wolf spider
   991 | D        | Noticed a wasp
   991 | D        | Noticed a spider
   991 | D        | Noticed a demonic crawler
   992 | D        | Noticed a demonic crawler
   993 | D        | Noticed a hornet
   993 | D        | Killed a wolf spider
   993 | D        | Killed a redback
   993 | D        | Killed a spider
   993 | D        | Killed a demonic crawler
   993 | D        | Reached skill level 10 in Evocations
   993 | D        | Killed a spider
   993 | D        | Killed a wasp
   993 | D        | Killed a wolf spider
   994 | D        | Killed a moth of wrath
   994 | D        | Killed a hornet
   994 | D        | Reached skill level 10 in Invocations
   999 | D        | Killed a demonic crawler
  1012 | D        | Noticed a trapdoor spider
  1012 | D        | Killed a trapdoor spider
  1012 | D        | Reached XP level 12. HP: 134/134 MP: 8/23
  1094 | D        | Entered arena 13.
  1094 | D        | Noticed a reaper
  1094 | D        | Noticed an ice devil
  1094 | D        | Noticed a red devil
  1096 | D        | Noticed a skeletal warrior
  1096 | D        | Killed a red devil
  1097 | D        | Noticed an iron imp
  1098 | D        | Noticed a rust devil
  1102 | D        | Killed an ice devil
  1106 | D        | Killed a skeletal warrior
  1107 | D        | Killed a reaper
  1108 | D        | Killed a rust devil
  1110 | D        | Killed an iron imp
  1127 | D        | Got the ring "Phiosi" {+Fly rF+ AC+2 Dex+2}
  1161 | D        | Entered arena 14.
  1161 | D        | Noticed a demonic crawler
  1161 | D        | Noticed a demonic crawler
  1161 | D        | Noticed a wolf spider
  1162 | D        | Noticed a hornet
  1162 | D        | Noticed a spider
  1162 | D        | Noticed a hornet
  1162 | D        | Noticed a spider
  1162 | D        | Noticed a hornet
  1162 | D        | Killed a spider
  1163 | D        | Noticed a hornet
  1163 | D        | Noticed a demonic crawler
  1163 | D        | Noticed an emperor scorpion
  1165 | D        | Noticed a jumping spider
  1166 | D        | Killed a wolf spider
  1166 | D        | Killed a hornet
  1169 | D        | Noticed a wasp
  1171 | D        | Killed a hornet
  1171 | D        | Killed a demonic crawler
  1173 | D        | Killed a hornet
  1175 | D        | Killed a spider
  1176 | D        | Killed a hornet
  1176 | D        | Killed a wasp
  1179 | D        | Killed a demonic crawler
  1180 | D        | Killed a jumping spider
  1182 | D        | Killed a demonic crawler
  1185 | D        | Killed an emperor scorpion
  1336 | D        | Entered arena 15.
  1336 | D        | Noticed an orc knight
  1336 | D        | Noticed an orc sorcerer
  1337 | D        | Noticed an orc warrior
  1337 | D        | Noticed a stone giant
  1337 | D        | Killed an orc sorcerer
  1338 | D        | Noticed a stone giant
  1338 | D        | Noticed an ogre
  1339 | D        | Noticed a cyclops
  1339 | D        | Killed an orc knight
  1340 | D        | Noticed an orc high priest
  1340 | D        | Killed an orc high priest
  1341 | D        | Noticed an orc high priest
  1341 | D        | Killed an orc high priest
  1343 | D        | Noticed an orc sorcerer
  1343 | D        | Killed a stone giant
  1343 | D        | Reached skill level 21 in Fighting
  1343 | D        | Killed a stone giant
  1344 | D        | Killed an ogre
  1345 | D        | Killed an orc sorcerer
  1346 | D        | Killed an orc warrior
  1350 | D        | Killed a cyclops
  1403 | D        | Entered arena 16.
  1413 | D        | Noticed a soul eater
  1415 | D        | Noticed a soul eater
  1415 | D        | Noticed a soul eater
  1416 | D        | Noticed a soul eater
  1421 | D        | Killed a soul eater
  1428 | D        | Killed a soul eater
  1428 | D        | Killed a soul eater
  1430 | D        | Killed a soul eater
  1445 | D        | Entered arena 17.
  1451 | D        | Noticed a komodo dragon
  1452 | D        | Noticed a water moccasin
  1452 | D        | Noticed a blink frog
  1452 | D        | Noticed a yak
  1454 | D        | Noticed a hippogriff
  1454 | D        | Noticed a crocodile
  1454 | D        | Noticed an elephant
  1454 | D        | Noticed a komodo dragon
  1455 | D        | Noticed a crocodile
  1455 | D        | Killed a water moccasin
  1455 | D        | Reached XP level 13. HP: 143/143 MP: 22/27
  1455 | D        | Killed a komodo dragon
  1455 | D        | Reached skill level 15 in Shields
  1458 | D        | Noticed a boring beetle
  1458 | D        | Killed a blink frog
  1459 | D        | Noticed a yak
  1460 | D        | Noticed a crocodile
  1461 | D        | Noticed a hound
  1462 | D        | Killed a yak
  1463 | D        | Killed a hippogriff
  1464 | D        | Noticed a steam dragon
  1464 | D        | Killed a komodo dragon
  1465 | D        | Killed a crocodile
  1466 | D        | Killed a crocodile
  1467 | D        | Noticed a crocodile
  1470 | D        | Killed a yak
  1472 | D        | Killed a hound
  1473 | D        | Killed a crocodile
  1477 | D        | Killed a steam dragon
  1478 | D        | Killed a boring beetle
  1479 | D        | Killed a crocodile
  1480 | D        | Killed an elephant
  1501 | D        | Entered arena 18.
  1509 | D        | Noticed a naga
  1509 | D        | Noticed a black mamba
  1510 | D        | Noticed a water moccasin
  1510 | D        | Noticed an anaconda
  1510 | D        | Noticed a naga warrior
  1510 | D        | Noticed a naga mage
  1511 | D        | Noticed a naga
  1511 | D        | Noticed a guardian serpent
  1512 | D        | Killed a black mamba
  1513 | D        | Noticed a naga warrior
  1513 | D        | Killed a water moccasin
  1515 | D        | Noticed a naga
  1515 | D        | Noticed a naga mage
  1515 | D        | Noticed a guardian serpent
  1515 | D        | Killed a guardian serpent
  1516 | D        | Killed an anaconda
  1518 | D        | Noticed a black mamba
  1518 | D        | Killed a naga mage
  1519 | D        | Noticed a water moccasin
  1519 | D        | Noticed a naga mage
  1520 | D        | Killed a naga
  1522 | D        | Killed a guardian serpent
  1525 | D        | Killed a naga warrior
  1527 | D        | Killed a black mamba
  1530 | D        | Killed a naga
  1531 | D        | Killed a water moccasin
  1533 | D        | Killed a naga mage
  1539 | D        | Killed a naga warrior
  1542 | D        | Killed a naga
  1570 | D        | Entered arena 19.
  1581 | D        | Noticed a mottled dragon
  1582 | D        | Noticed a swamp dragon
  1582 | D        | Noticed a mottled dragon
  1582 | D        | Noticed a fire drake
  1582 | D        | Noticed a swamp dragon
  1583 | D        | Noticed an ice dragon
  1583 | D        | Noticed a death drake
  1583 | D        | Noticed a swamp drake
  1583 | D        | Killed a mottled dragon
  1584 | D        | Noticed a fire drake
  1584 | D        | Noticed a fire dragon
  1584 | D        | Noticed a death drake
  1585 | D        | Noticed a wyvern
  1585 | D        | Noticed a swamp dragon
  1586 | D        | Noticed a death drake
  1586 | D        | Noticed a steam dragon
  1586 | D        | Noticed a steam dragon
  1586 | D        | Noticed a fire drake
  1587 | D        | Noticed a fire drake
  1587 | D        | Noticed a swamp dragon
  1588 | D        | Killed a swamp dragon
  1589 | D        | Noticed a swamp drake
  1589 | D        | Killed a mottled dragon
  1590 | D        | Killed a swamp dragon
  1592 | D        | Noticed a mottled dragon
  1593 | D        | Killed a death drake
  1593 | D        | Killed an ice dragon
  1594 | D        | Noticed a swamp dragon
  1594 | D        | Killed a swamp dragon
  1595 | D        | Killed a death drake
  1595 | D        | Killed a fire drake
  1597 | D        | Killed a fire drake
  1598 | D        | Killed a fire dragon
  1599 | D        | Killed a steam dragon
  1600 | D        | Killed a death drake
  1600 | D        | Killed a fire drake
  1603 | D        | Killed a swamp dragon
  1603 | D        | Killed a swamp drake
  1606 | D        | Killed a swamp drake
  1609 | D        | Killed a swamp dragon
  1610 | D        | Killed a fire drake
  1612 | D        | Killed a mottled dragon
  1613 | D        | Killed a steam dragon
  1613 | D        | Killed a wyvern
  1646 | D        | Got the ring of Taokig {rPois MR+ Int+2 Dex+3}
  1844 | D        | Entered arena 20.
  1855 | D        | Noticed Haubal the pandemonium lord
  1856 | D        | Noticed Konidar the pandemonium lord
  1857 | D        | Noticed a sun demon
  1858 | D        | Noticed Noap the pandemonium lord
  1858 | D        | Noticed Pryud the pandemonium lord
  1859 | D        | Noticed Unuirr the pandemonium lord
  1859 | D        | Noticed Feon the pandemonium lord
  1859 | D        | Noticed Fodeqor the pandemonium lord
  1860 | D        | Noticed a demonic crawler
  1860 | D        | Noticed Quuhoz the pandemonium lord
  1860 | D        | Noticed Gahyr the pandemonium lord
  1862 | D        | Noticed Estreat the pandemonium lord
  1862 | D        | Noticed a sixfirhy
  1862 | D        | Noticed a green death
  1862 | D        | HP: 2/143 [fulminant prism[Noap] (63)]
  1862 | D        | Killed a sun demon
  1863 | D        | Noticed an iron dragon
  1863 | D        | Noticed an iron dragon
  1863 | D        | Noticed Strokhe the pandemonium lord
  1863 | D        | Noticed a blizzard demon
  1863 | D        | Noticed Woufes the pandemonium lord
  1864 | D        | Noticed a Brimstone Fiend
  1864 | D        | Noticed an infernal demonspawn
  1864 | D        | Noticed Qipn the pandemonium lord
  1865 | D        | Noticed an iron dragon
  1865 | D        | Noticed Nexur the pandemonium lord
  1865 | D        | Noticed Vaeva Blewe the pandemonium lord
  1865 | D        | Noticed an Ice Fiend
  1866 | D        | Noticed a quicksilver dragon
  1866 | D        | Noticed Viutach the pandemonium lord
  1867 | D        | Noticed a golden dragon
  1867 | D        | Noticed a smoke demon
  1868 | D        | Noticed a cacodemon
  1868 | D        | Killed Quuhoz the pandemonium lord
  1868 | D        | Demolished by Noap the pandemonium lord

Action                   |  1- 3 |  4- 6 |  7- 9 | 10-12 | 13-15 || total
-------------------------+-------+-------+-------+-------+-------++-------
Melee: Broad axe         |     5 |     3 |    42 |    68 |    72 ||   190
       War axe           |       |       |       |       |     1 ||     1
Invok: Upheaval          |       |       |     1 |     5 |     3 ||     9
       Elemental Force   |       |       |     1 |     5 |       ||     6
       Disaster Area     |       |       |       |     2 |       ||     2
Evoke: Phial of floods   |       |       |       |     5 |     2 ||     7
       Lamp of fire      |       |       |       |     2 |     2 ||     4
       Stone of tremors  |       |       |       |       |     1 ||     1
  Use: Potion            |     1 |       |       |       |     5 ||     6
       Scroll            |       |       |       |     5 |     1 ||     6
 Stab: Distracted        |       |       |     1 |       |     3 ||     4
       Confused          |       |       |       |       |     1 ||     1
  Eat: Royal jelly       |       |       |       |     3 |       ||     3
       Bread ration      |       |       |       |       |     1 ||     1
